 Dungeon Crawl Stone Soup version 0.22-a0-612-gd2f0174 (webtiles) character file.

522 digijack the Sneak (level 7, -1/49 HPs)
             Began as an Octopode Monk on July 11, 2018.
             Slain by a hound (4 damage)
             ... on level 5 of the Dungeon.
             The game lasted 00:28:47 (3225 turns).

digijack the Sneak (Octopode Monk)                  Turns: 3225, Time: 00:28:47

Health: -1/49      AC:  1    Str: 10    XL:     7   Next: 22%
Magic:  7/7        EV: 16    Int: 12    God:
Gold:   225        SH:  0    Dex: 17    Spells: 6/6 levels left

rFire    . . .     SeeInvis .     - Unarmed
rCold    . . .     Gourm    .   (no shield)
rNeg     . . .     Faith    .   (helmet restricted)
rPois    .         Spirit   .   (no amulet)
rElec    .         Reflect  .   (no ring)
rCorr    .         Harm     .   (no ring)
MR       .....                  (no ring)
Stlth    +++++.....             (no ring)
HPRegen  0.16/turn              (no ring)
MPRegen  0.10/turn              (no ring)
                                (no ring)
                                (no ring)

@: lethally poisoned (-1 -> -5)
A: almost no armour, stealthy swim, amphibious, 8 rings, constrict 8, camouflage
1, gelatinous body 1
a: no special abilities


You were on level 5 of the Dungeon.
You were hungry.

You visited 1 branch of the dungeon, and saw 5 of its levels.

You collected 225 gold pieces.

Inventory:

Missiles
 f - 175 stones (quivered)
Scrolls
 d - 6 scrolls of identify
 i - a scroll of remove curse
Potions
 c - a potion of heal wounds
 g - a potion of curing
 h - a potion of agility
 j - a potion of berserk rage
Comestibles
 a - 2 rations


   Skills:
 + Level 4.4 Fighting
 + Level 4.5 Dodging
 * Level 7.0 Stealth
 + Level 4.4 Unarmed Combat


You had 6 spell levels left.
You didn't know any spells.
Your spell library was empty.

Dungeon Overview and Level Annotations

Branches:
Dungeon (4/15)
 Temple: D:4-7

Altars:
Ashenzari
Gozag
Makhleb
Xom

Annotations:
D:4 Edmund


Innate Abilities, Weirdness & Mutations

You cannot wear most types of armour.
You are very stealthy in the water. (Stealth+)
You are amphibious.
You can wear up to eight rings at the same time.
You can use your tentacles to constrict eight enemies at once.
Your skin changes colour to match your surroundings (Stealth+).
Your rubbery body absorbs attacks. (AC +1, EV +1)


Message History

Okay, then.
You release your grip on the worker ant.
You feel sick. The hound barely misses you. The hound closely misses you.
The worker ant bites you.
You feel sick. The hound misses you.
You feel sick. The hound closely misses you. The worker ant misses you.
The hound bites you.
* * * LOW HITPOINT WARNING * * *
You feel sick.
The worker ant waves its antennae.
You tentacle-slap the hound. Your grab misses the hound.
Your squeeze misses the hound.
The hound is moderately wounded.
You feel sick. The hound barely misses you. The hound bites you.
* * * LOW HITPOINT WARNING * * *
You closely miss the hound. Your grab misses the hound.
The hound is moderately wounded.
* * * LOW HITPOINT WARNING * * *
You feel sick. The hound bites you.
You die...

####.# #?# #.# .....#
#.. ... ###..# #.#
#.# #..# #.# #.# ##
#..# #.# #.###....
#..# ##.###....h...
#..###########.#..).#
#.............###.#.#
##############@#.aa.#
##h##### ###


You could see a hound.

Vanquished Creatures
  A phantom (D:3)
  A centaur (D:5)
  A crimson imp (D:5)
  A hound (D:4)
  Natasha (thrice) (D:2)
  An orc wizard (D:3)
  A hound zombie (D:3)
  A hound skeleton (D:4)
  7 adders
  5 worms
  2 dart slugs
  4 leopard geckos
  9 orcs
  3 ball pythons
  11 bats
  5 giant cockroaches
  5 goblins
  5 hobgoblins
  3 quokkas
  6 frilled lizards
  8 kobolds
  10 rats
93 creatures vanquished.

Notes
Turn   | Place    | Note
-------+----------+-------------------------------------------
     0 | D:1      | digijack the Octopode Monk began the quest for the Orb.
     0 | D:1      | Reached XP level 1. HP: 16/16 MP: 1/1
    99 | D:1      | Reached skill level 3 in Stealth
   151 | D:1      | Reached XP level 2. HP: 19/21 MP: 2/2
   194 | D:1      | Found a shattered altar of Ashenzari.
   717 | D:2      | Noticed Natasha
   728 | D:2      | Noticed a crimson imp
   728 | D:2      | Killed Natasha
   728 | D:2      | Reached XP level 3. HP: 17/26 MP: 3/3
   840 | D:2      | Found a burning altar of Makhleb.
   841 | D:2      | Noticed Natasha
   852 | D:2      | Reached skill level 4 in Stealth
   864 | D:2      | Killed Natasha
   864 | D:2      | Reached XP level 4. HP: 25/31 MP: 4/4
  1006 | D:2      | Noticed Natasha
  1010 | D:2      | Killed Natasha
  1036 | D:2      | Reached XP level 5. HP: 36/37 MP: 5/5
  1388 | D:2      | Found a shimmering altar of Xom.
  1411 | D:2      | Reached skill level 5 in Stealth
  1563 | D:3      | Noticed a phantom
  1806 | D:3      | HP: 1/37 [phantom (10)]
  2002 | D:3      | Reached XP level 6. HP: 15/43 MP: 6/6
  2511 | D:3      | Killed a phantom
  2511 | D:3      | Reached skill level 6 in Stealth
  2884 | D:4      | Found an opulent altar of Gozag.
  2986 | D:4      | Noticed Edmund
  3036 | D:4      | You fall through a shaft!
  3036 | D:5      | Entered Level 5 of the Dungeon
  3045 | D:5      | Reached XP level 7. HP: 29/49 MP: 7/7
  3204 | D:5      | Reached skill level 7 in Stealth
  3225 | D:5      | Slain by a hound

Vault maps used:
D:1:      grunt_arrival_crossed_arrows, evilmike_ruin_ashenzari
D:2:      old_standard_altar, old_standard_altar, uniq_natasha
D:3:      cheibrodos_helix_gallery, portal_sewer_entry_e
D:4:      kennysheep_kobold_camp, lemuel_zombie_altar_yredelemnul,
          old_standard_altar, grunt_gozag_statues, kennysheep_okawaru_gauntlet,
          uniq_edmund
D:5:      nicolae_overflow_crystal_walls, minmay_temple_entry_overgrown,
          first_ration, roderic_serpentine_path, uniq_eustachio,
          uniq_prince_ribbit1

Skill      XL: |  1  2  3  4  5  6  7 |
---------------+----------------------+-----
Stealth        | 3 4 5 6 7 |  7.0
Fighting       | 4 |  4.4
Dodging        | 4 |  4.5
Unarmed Combat | 4 |  4.4

Action                   |  1- 3 |  4- 6 |  7- 9 || total
-------------------------+-------+-------+-------++-------
Melee: Unarmed           |    52 |   213 |    17 ||   282
       Tentacles         |     9 |    49 |     2 ||    60
       Constrict         |    10 |    48 |     3 ||    61
       Punch             |     2 |     5 |       ||     7
  Use: Potion            |     6 |     5 |       ||    11
       Scroll            |     3 |     4 |       ||     7
 Stab: Sleeping          |     4 |    18 |     1 ||    23
       Distracted        |       |     1 |       ||     1
  Eat: Chunk             |       |     7 |       ||     7
Armor: Skin              |     4 |    14 |     1 ||    19
Dodge: Dodged            |    25 |   111 |    18 ||   154

Table legend:
 A = Spawn XP
 B = Non-spawn XP
 C = Spawn XP percentage of total XP
 D = Spawn monster count
 E = Non-spawn monster count
 F = Spawn count percentage of total count
 G = Total turns spent on level
                    A         B        C        D         E        F      G
               +---------+---------+-------+---------+---------+-------+---------
         Total |       0 |     746 |   0.0 |       0 |      93 |   0.0 |  3225
               +---------+---------+-------+---------+---------+-------+---------
           D:1 |       0 |      26 |   0.0 |       0 |      12 |   0.0 |   717
           D:2 |       0 |     187 |   0.0 |       0 |      30 |   0.0 |   923
           D:3 |       0 |     281 |   0.0 |       0 |      43 |   0.0 |  1159
           D:4 |       0 |      94 |   0.0 |       0 |       6 |   0.0 |   237
           D:5 |       0 |     158 |   0.0 |       0 |       2 |   0.0 |   189
               +---------+---------+-------+---------+---------+-------+---------
